 Dungeon Crawl Stone Soup version 0.30-a0-1160-g6e42c06 (webtiles) character file.

Game seed: 17899676143221215556

2848 Dorkslayer the Chopper (level 9, -1/54 HPs)
             Began as a Gargoyle Fighter on Apr 25, 2023.
             Was an Initiate of Gozag.
             Slain by a boulder beetle (7 damage)
             ... on level 7 of the Dungeon.
             The game lasted 00:16:51 (4758 turns).

Dorkslayer the Chopper (Gargoyle Fighter)           Turns: 4758, Time: 00:16:52

Health: -1/54      AC: 25    Str: 21    XL:     9   Next: 74%
Magic:  9/9        EV: 15    Int: 10    God:    Gozag
Gold:   796        SH:  9    Dex: 11    Spells: 8/8 levels left

rFire   + . .        a - +0 war axe (protect)
rCold   . . .        x - +0 kite shield
rNeg    + . .        b - +0 scale mail
rPois   ∞            B - +2 hat
rElec   +            (no cloak)
rCorr   .            s - +1 pair of gloves
SInv    .            (no boots)
Will    .....        (no amulet)
Stlth   +            j - ring of protection from fire
HPRegen 0.29/turn    u - +5 ring of evasion
MPRegen 0.11/turn

%: no passive effects
@: about to teleport, under a protective aura, studying 2 skills
A: sickness immunity, AC +6, negative energy resistance 1, electricity
resistance, torment resistance 1, petrification resistance
a: Renounce Religion, Potion Petition, Call Merchant, Bribe Branch


You were on level 7 of the Dungeon.
You worshipped Gozag.
Gozag was pleased with you.
You visited 2 branches of the dungeon, and saw 8 of its levels.

You collected 951 gold pieces.
You paid 155 gold pieces to Gozag.

Inventory:

Hand Weapons
 a - a +0 war axe of protection (weapon)
Missiles
 c - 6 javelins (quivered)
 d - 2 throwing nets
Armour
 b - a +0 scale mail (worn)
 s - a +1 pair of gloves (worn)
 x - a +0 kite shield (worn)
 B - a +2 hat (worn)
Jewellery
 i - a ring of protection from cold
 j - a ring of protection from fire (left hand)
 u - a +5 ring of evasion (right hand)
Wands
 l - a wand of digging (4)
 r - a wand of mindburst (7)
 v - a wand of light (19)
 z - a wand of flame (47)
Scrolls
 k - a scroll of teleportation
 y - 2 scrolls of enchant armour
Potions
 e - 2 potions of flight
 h - a potion of mutation
 m - a potion of resistance
 n - a potion of curing
 o - 3 potions of haste {unknown}
 p - a potion of brilliance
 q - 2 potions of berserk rage {unknown}
 t - 2 potions of attraction
 w - a potion of lignification


   Skills:
 + Level 5.6 Fighting
 + Level 7.7 Axes
 + Level 0.1 Throwing
 + Level 6.0 Armour
 * Level 4.8 Dodging
 + Level 2.3 Stealth
 + Level 6.8 Shields
 + Level 2.2 Evocations


You had 8 spell levels left.
You didn't know any spells.
Your spell library contained the following spells:

 Spells                   Type           Power      Damage    Failure   Level
 Foxfire                  Conj/Fire      0%         2x1d4     90%         1
 Freeze                   Ice            0%         1d3       90%         1
 Magic Dart               Conj           0%         1d3       90%         1
 Call Imp                 Summ           0%         N/A       97%         2
 Frozen Ramparts          Ice            0%         1d1       99%         3
 Hailstorm                Conj/Ice       0%         3d3       99%         3
 Mephitic Cloud           Conj/Pois/Air  0%         N/A       99%         3
 Vhi's Electric Charge    Tloc/Air       0%         N/A       99%         3
 Arcjolt                  Conj/Air       0%         1d10      100%        5
 Fireball                 Conj/Fire      0%         3d3       100%        5
 Summon Forest            Summ/Tloc      0%         N/A       100%        5
 Eringya's Noxious Bog    Tmut/Pois      0%         N/A       100%        6
 Plasma Beam              Fire/Air       0%         2x1d11    100%        6
 Starburst                Conj/Fire      0%         6d3       100%        6
 Summon Hydra             Summ           0%         N/A       100%        7
 Chain Lightning          Conj/Air       0%         N/A       100%        9
 Fire Storm               Conj/Fire      0%         5d1       100%        9
 Shatter                  Erth           0%         3d5*      100%        9


Dungeon Overview and Level Annotations

Branches:
Dungeon (7/15)             Temple (1/1) D:7

Altars:
Cheibriados
Dithmenos
Gozag
Kikubaaqudgha
Nemelex Xobeh
Okawaru
Qazlal
Ru
Trog
Yredelemnul
Zin


Innate Abilities, Weirdness & Mutations

You are immune to sickness and miasma.
Your stone body is resilient. (AC +6)
You are immune to poison.
You resist negative energy. (rN+)
You are resistant to electric shocks. (rElec)
You are resistant to unholy torment.
You are immune to petrification.


Message History

You block the boulder beetle's attack.
You hit the boulder beetle but do no damage.
You block the boulder beetle's attack.
You barely miss the boulder beetle.
The orc is no longer distracted by gold.
You block the boulder beetle's attack.
You slice the boulder beetle!!
The boulder beetle is moderately wounded.
The boulder beetle bites you but does no damage.
You hit the boulder beetle.
The boulder beetle is moderately wounded.
The boulder beetle leaps!
Found a stone staircase leading up.
Things that are here:
10 gold pieces; a +0 club; 7 poisoned darts The boulder beetle curls into a ball and begins rolling!
Found a halberd.
Things that are here:
6 gold pieces; a +0 short sword of draining; 3 poisoned darts You block the boulder beetle's attack.
The boulder beetle stops rolling and uncurls.
The boulder beetle attacks as you move away!
The boulder beetle bites you but does no damage.
You hit the boulder beetle but do no damage.
Your weapon exudes an aura of protection.
The boulder beetle is lightly wounded.
The boulder beetle bites you!
* * * LOW HITPOINT WARNING * * *
The orc closely misses you.
As you read the scroll of teleportation, it crumbles to dust.
You feel strangely unstable. You block the boulder beetle's attack.
You block the orc's attack.
You barely miss the boulder beetle.
The boulder beetle is lightly wounded.
You barely miss the orc. You hit the kobold.
The boulder beetle bites you but does no damage.
The orc closely misses you. The kobold closely misses you.
The boulder beetle bites you!
You die...
Your body crumbles into a pile of gold.

.........#.$$##'#...#####......
#'######.....$..........#.#....
#. #..............#.#.#....
#..............#.#.#....
#.......$......#...#...>
................##'######
.................#♣.♣♣♣♣♣♣
...<....KBo......#♣)).....
.........@.......#♣.~~~~~~
................#♣.~.....
...#...........#♣.~.~~~~
...#.).........#♣.~.~(.. .
#.#.......#.#♣.~.~♣~(
#.#.###...#.#♣.~.~~~. #.#.
.#.#.#♣.~..... #.
.#.#.#♣.~~~~~~ #.#.'........


You could see a boulder beetle, an orc and a kobold.

Vanquished Creatures
  A troll (D:5)
  A steam dragon (D:7)
  Duvessa (D:5)
  A sky beast (D:6)
  An ice beast (D:7)
  3 ogres
  A kobold brigand (D:7)
  2 phantoms
  3 bullfrogs (D:7)
  3 scorpions
  A gnoll sergeant (D:4)
  4 wights (D:7)
  Dowan (D:5)
  A howler monkey (D:5)
  The ghost of Caerwyn the Shooter, a weakling OpHu of Fedhas (D:4)
  6 electric eels (D:5)
  A gnoll bouda (D:4)
  A hound (D:6)
  2 jellies
  2 orc priests
  An iron imp (D:6)
  A sleepcap (D:6)
  4 iguanas
  3 orc wizards
  Natasha (thrice) (D:4)
  8 gnolls
  9 adders
  A shadow imp (D:5)
  A white imp (D:6)
  An ufetubus (D:7)
  5 worms
  2 dart slugs (D:1)
  12 orcs
  5 ball pythons
  8 bats
  11 endoplasms
  8 giant cockroaches
  3 goblins
  6 hobgoblins
  5 jackals
  A quokka (D:2)
  5 frilled lizards
  8 kobolds
  4 rats
152 creatures vanquished.

Vanquished Creatures (others)
  A gnoll (D:4)
  11 plants
12 creatures vanquished.

Grand Total: 164 creatures vanquished

Notes
Turn   | Place    | Note
-------+----------+-------------------------------------------
     0 | D:1      | Dorkslayer the Gargoyle Fighter began the quest for the
                  | Orb.
     0 | D:1      | Reached XP level 1. HP: 14/14 MP: 1/1
    67 | D:1      | Reached XP level 2. HP: 16/19 MP: 2/2
    81 | D:1      | You fall into a shaft and drop 1 floor!
   219 | D:1      | Reached skill level 2 in Axes
   435 | D:1      | Reached XP level 3. HP: 23/23 MP: 3/3
   644 | D:2      | Reached skill level 1 in Dodging
   843 | D:2      | Reached XP level 4. HP: 21/29 MP: 4/4
  1244 | D:3      | Reached skill level 3 in Axes
  1244 | D:3      | Reached XP level 5. HP: 33/33 MP: 5/5
  1508 | D:3      | Identified the +5 whip "Juax" {venom, rF+ rN+ Dex+3}
  1630 | D:3      | Identified the +1 robe of the Soldier {Fly Dex+3 Slay-6
                  | SInv}
  1947 | D:4      | Found a transporter.
  1987 | D:4      | Identified a scroll of acquirement
  1987 | D:4      | Acquired 542 gold pieces
  1999 | D:4      | Noticed Natasha
  2006 | D:4      | Killed Natasha
  2083 | D:4      | Noticed a phantom
  2089 | D:4      | Killed a phantom
  2089 | D:4      | Noticed Natasha
  2090 | D:4      | Reached skill level 4 in Axes
  2090 | D:4      | Reached XP level 6. HP: 38/38 MP: 6/6
  2103 | D:4      | Killed Natasha
  2144 | D:4      | Noticed Natasha
  2152 | D:4      | Killed Natasha
  2309 | D:4      | Found a transporter.
  2423 | D:4      | Identified the +7 spear of the Priest {vamp, Str+2 Stlth+}
  2459 | D:4      | Reached XP level 7. HP: 19/43 MP: 7/7
  2512 | D:4      | Noticed Caerwyn's ghost (weakling OpHu)
  2522 | D:4      | Killed Caerwyn's ghost
  2616 | D:5      | Entered Level 5 of the Dungeon
  2656 | D:5      | Reached skill level 5 in Axes
  2656 | D:5      | Reached skill level 1 in Stealth
  2803 | D:5      | Noticed a troll
  2813 | D:5      | Killed a troll
  2814 | D:5      | Reached XP level 8. HP: 48/48 MP: 8/8
  2818 | D:5      | Reached skill level 5 in Armour
  2893 | D:5      | Reached skill level 6 in Axes
  2893 | D:5      | Reached skill level 1 in Evocations
  3184 | D:5      | Noticed Duvessa
  3184 | D:5      | Noticed Dowan
  3200 | D:5      | Killed Duvessa
  3200 | D:5      | Killed Dowan
  3201 | D:5      | Reached skill level 5 in Shields
  3460 | D:6      | Reached XP level 9. HP: 53/53 MP: 9/9
  3673 | D:6      | Reached skill level 5 in Fighting
  3761 | D:6      | Found a snail-covered altar of Cheibriados.
  3905 | D:6      | Found a shadowy altar of Dithmenos.
  3912 | D:6      | Found a sparkling altar of Nemelex Xobeh.
  3917 | D:6      | Found a bloodstained altar of Trog.
  3993 | D:6      | Reached skill level 7 in Axes
  4628 | D:7      | Found a staircase to the Ecumenical Temple.
  4634 | Temple   | Entered the Ecumenical Temple
  4640 | Temple   | Became a worshipper of Gozag Ym Sagoz the Greedy
  4729 | D:7      | Noticed a boulder beetle
  4758 | D:7      | Slain by a boulder beetle

Illustrated notes

Levels and vault maps discovered:
D:1:      reono_arrival_forest_river, layout_rooms
D:2:      layout_rooms, serial_curves, eino_curves_01, eino_curves_01
D:3:      layout_loops_corners, kennysheep_nub
D:4:      layout_cave_pools, gammafunk_ghost_gnarly_gnolls, dk_rats_in_the_wall,
          uniq_natasha
D:5:      cheibrodos_two_vegetables, layout_gridville, nrook_uturn, uniq_duvessa
D:6:      layout_loops_corners, slow_altar_1, grunt_temple_overflow_diamond,
          grunt_decor_junction
D:7:      layout_basic, nicolae_wu_jian_immortal_techniques, lemuel_tele_altar,
          minmay_temple_entry_enclosed_plants, enter_bailey_3,
          kennysheep_small_spiral, minmay_manual_monolith
Temple:   hellmonk_temple_two_chambers

Skill      XL: |  1  2  3  4  5  6  7  8  9 |
---------------+----------------------------+-----
Axes           | 2 3 4 5 6 7 |  7.7
Dodging        | 1 2 3 4 |  4.8
Armour         | 4 5 6 |  6.0
Fighting       | 4 5 |  5.6
Shields        | 4 5 6 |  6.8
Stealth        | 1 2 |  2.3
Evocations     | 1 2 |  2.2
Throwing       | |  0.1

Action                     |  1- 3 |  4- 6 |  7- 9 || total
---------------------------+-------+-------+-------++-------
  Melee: War axe           |    96 |   157 |   246 ||   499
  Throw: Javelin           |       |       |     3 ||     3
  Evoke: Wand              |       |       |    21 ||    21
    Use: Potion            |     1 |     1 |     3 ||     5
         Scroll            |       |    15 |    10 ||    25
   Stab: Invisible         |       |     1 |     2 ||     3
 Armour: Scale mail        |    56 |    87 |   130 ||   273
  Dodge: Dodged            |    61 |    77 |   171 ||   309
  Block: Buckler           |    20 |    40 |     1 ||    61
         Kite shield       |       |       |   119 ||   119

Table legend: (Time is in decaauts)
 A = Elapsed time spent in this place.
 B = Non-inter-level travel time spent in this place.
 C = Inter-level travel time spent in this place.
 D = Time resting spent in this place.
 E = Time spent auto-exploring this place.
 F = Levels seen in this place.
 G = Mean time per level.
                   A        B        C        D        E       F      G
               +--------+--------+--------+--------+--------+-----+--------+
         Total |   4956 |   4956 |      0 |     31 |   1606 |   8 |  619.5 |
       Dungeon |   4943 |   4943 |      0 |     31 |   1606 |   7 |  706.1 |
        Temple |     12 |     12 |      0 |      0 |      0 |   1 |   12.0 |
               +--------+--------+--------+--------+--------+-----+--------+

Top non-repeatable levels by time:
     D:6: 1093 daAuts
     D:3: 1003 daAuts
     D:5: 889 daAuts
     D:4: 731 daAuts
     D:1: 526 daAuts
     D:2: 466 daAuts
     D:7: 233 daAuts
  Temple: 12 daAuts
